 Dungeon Crawl Stone Soup version 0.31-a0-1025-g2e47921a08 (webtiles) character file.

Game seed: 1265963525272260258

238 senseless the Changeling (level 5, 0/49 HPs)
             Began as a Troll Shapeshifter on Nov 17, 2023.
             Was an Initiate of Gozag.
             Slain by a gnoll
             ... wielding a +0 spear
              (2 damage)
             ... on level 3 of the Dungeon.
             The game lasted 00:05:26 (1639 turns).

senseless the Changeling (Troll Shapeshifter)       Turns: 1639, Time: 00:05:27

Health: 0/49       AC:  4    Str: 27    XL:     5   Next: 78%
Magic:  4/4        EV: 10    Int:  6    God:    Gozag
Gold:   370        SH:  0    Dex:  9    Spells: 4/4 levels left

rFire   + .          .
                       - Unarmed
rCold   + . .        (no shield)
rNeg    . . .        r - +0 robe "Ruasarchi" {*Corrode rF+ Str+3}
rPois   .            (helmet currently unavailable)
rElec   .            (cloak currently unavailable)
rCorr   .            (gloves unavailable)
SInv    .            (boots unavailable)
Will    .....        (no amulet)
Stlth   +            s - ring of protection from cold
HPRegen 1.08/turn    (no ring)
MPRegen 0.09/turn

%: corrode self (3%)
@: lethally poisoned (0 -> -1), beast-form, gold aura
A: beast (slay +2), large, unfitting armour, claws 3, regeneration 1, shaggy fur
1, tough skin 1
a: Begin Untransformation, Renounce Religion, Potion Petition, Call Merchant,
Bribe Branch


You were on level 3 of the Dungeon.
You worshipped Gozag.
Gozag was aware of your devotion.
You were a hulking beast.
You visited 1 branch of the dungeon, and saw 3 of its levels.

You collected 370 gold pieces.

Inventory:

Missiles
 k - 5 curare-tipped darts (quivered)
 n - 3 throwing nets
Armour
 a - a +0 animal skin
 h - a +0 cloak
 q - a +0 cloak
 r - the +0 robe "Ruasarchi" (worn) {*Corrode rF+ Str+3}
   (You found it on level 3 of the Dungeon)

   Str+3:     It affects your strength (+3).
   rF+:       It protects you from fire.
   *Corrode:  It may corrode you when you take damage.
Jewellery
 s - a ring of protection from cold (left claw)
Talismans
 c - a beast talisman
 d - a flux talisman
 j - a maw talisman
Scrolls
 e - a scroll of vulnerability {unknown}
 f - a scroll of noise {unknown}
 i - a scroll of fog {unknown}
 l - a scroll of enchant weapon {unknown}
 m - a scroll of immolation {unknown}
 p - a scroll of blinking {unknown}
Potions
 b - a potion of lignification
 g - a potion of heal wounds {unknown}
 o - a potion of curing {unknown}


   Skills:
 + Level 2.2 Fighting
 + Level 2.7 Dodging
 + Level 4.0 Unarmed Combat
 * Level 4.3 Shapeshifting


You had 4 spell levels left.
You didn't know any spells.
Your spell library contained the following spells:

 Spells                   Type           Power      Damage    Failure   Level
 Freeze                   Ice            0%         1d3       45%         1
 Summon Small Mammal      Summ           0%         N/A       45%         1
 Ensorcelled Hibernation  Hex/Ice        0%         N/A       58%         2
 Passwall                 Tmut/Erth      0%         N/A       58%         2
 Call Canine Familiar     Summ           0%         N/A       83%         3
 Dazzling Flash           Conj/Hex       0%         N/A       83%         3
 Frozen Ramparts          Ice            0%         1d1       83%         3
 Hailstorm                Conj/Ice       0%         3d3       83%         3
 Ozocubu's Armour         Ice            0%         N/A       83%         3
 Summon Guardian Golem    Hex/Summ       0%         N/A       83%         3
 Swiftness                Air            0%         N/A       83%         3
 Volatile Blastmotes      Fire/Tloc      0%         2d10      83%         3
 Metabolic Englaciation   Hex/Ice        0%         N/A       100%        5
 Starburst                Conj/Fire      0%         6d3       100%        6
 Maxwell's Capacitive Co  Air            0%         ∞         100%        8
 Simulacrum               Ice/Necr       Unusable   N/A       N/A         6

Dungeon Overview and Level Annotations

Branches:
Dungeon (3/15)

Altars:
Elyvilon
Gozag

Shops:
D:2 =

Portals:
Abyss: D:3

Annotations:
D:3 1 transporter, Armakuni's ghost, amateur HuSh


Innate Abilities, Weirdness & Mutations

You are a hulking beast.
Your limbs bulge with bestial killing power. (Slay +2)
You are too large for most types of armour.
You have claws for hands.
Your natural rate of healing is unusually fast.
You are covered in fur. (AC +1)
You have tough skin. (AC +1)


Message History

The gnoll hits you with a +1 whip of venom.
You are poisoned.
You claw the gnoll!
The gnoll is almost dead.
You feel very sick. The gnoll closely misses you.
The gnoll hits you with a +1 whip of venom.
You are more poisoned.
You scratch the gnoll.
You kill the gnoll!
You feel very sick. The gnoll closely misses you.
You feel very sick. The gnoll barely misses you. The gnoll closely misses you.
Things that are here:
8 gold pieces; a +1 whip of venom You are too injured to fight recklessly!
You are too injured to fight recklessly!
You are too injured to fight recklessly!
You are too injured to fight recklessly!
You are too injured to fight recklessly!
You are too injured to fight recklessly!
You are too injured to fight recklessly!
You are too injured to fight recklessly!
You are too injured to fight recklessly!
You are too injured to fight recklessly!
You are too injured to fight recklessly!
You are too injured to fight recklessly!
You are too injured to fight recklessly!
You are too injured to fight recklessly!
You are too injured to fight recklessly!
You barely miss the gnoll.
You feel sick. The gnoll hits you with a +0 spear!
The gnoll hits you from afar with a +0 halberd!
* * * LOW HITPOINT WARNING * * *
The orc is distracted by your dazzling golden aura.
* * * LOW HITPOINT WARNING * * *
You feel very sick.
The gnoll hits you from afar with a +0 spear.
You die...
Your body crumbles into a pile of gold.

##.### #.#
.....########.#
.....#........#######
.....#.#............#
.....#..............#
.....#..............#
..............######
......)...###g###########
............ogg$h....>..#
.#########.#.########.#.#
.# ...#.# .# .g...#.# .#
.o######.# # # #.######
.# #.##... .# .#
#.##.#####.# .#
#........#.#.#


You could see 3 gnolls and an orc (unaware).

Vanquished Creatures
  A centaur (D:3)
  Terence (D:3)
  2 gnolls
  6 adders
  A worm (D:3)
  A dart slug (D:3)
  5 orcs (D:3)
  5 bats
  8 endoplasms
  A giant cockroach (D:2)
  4 goblins
  2 hobgoblins
  2 quokkas (D:1)
  4 ball pythons
  4 frilled lizards
  5 kobolds
  3 rats (D:1)
55 creatures vanquished.

Notes
Turn   | Place    | Note
-------+----------+-------------------------------------------
     0 | D:1      | senseless the Troll Shapeshifter began the quest for the
                  | Orb.
     0 | D:1      | Reached XP level 1. HP: 18/18 MP: 0/0
    23 | D:1      | Reached skill level 1 in Fighting
    23 | D:1      | Reached XP level 2. HP: 27/27 MP: 1/1
   201 | D:1      | Reached XP level 3. HP: 33/33 MP: 2/2
   251 | D:1      | Found a faded altar of an unknown god.
   259 | D:1      | Prayed at the altar of an unknown god.
   259 | D:1      | Became a worshipper of Gozag Ym Sagoz the Greedy
   618 | D:2      | Reached XP level 4. HP: 40/41 MP: 3/3
   753 | D:2      | Found a white marble altar of Elyvilon.
   829 | D:2      | Found Piyrgh's Jewellery Shoppe.
  1237 | D:3      | Identified the +0 robe "Ruasarchi" {*Corrode rF+ Str+3}
  1273 | D:3      | Noticed Terence
  1276 | D:3      | Killed Terence
  1352 | D:3      | Found a transporter.
  1378 | D:3      | Reached XP level 5. HP: 47/49 MP: 4/4
  1435 | D:3      | Noticed a centaur
  1444 | D:3      | Killed a centaur
  1566 | D:3      | Found a one-way gate to the infinite horrors of the Abyss.
  1566 | D:3      | Noticed Armakuni's ghost (amateur HuSh)
  1639 | D:3      | HP: 2/49 [poisoned by a gnoll]
  1639 | D:3      | Slain by a gnoll

Illustrated notes

Levels and vault maps discovered:
D:1:      dpeg_arrival_rooms_c, layout_rooms, hellmonk_ecumenical_altar_run_dry,
          serial_bayou_pond_a
D:2:      layout_basic, basic_altar, serial_shops, nicolae_shop_stone
D:3:      minmay_angry_zag, layout_basic, gammafunk_ghost_abyssal_escape,
          uniq_terence

Skill      XL: |  1  2  3  4  5 |
---------------+----------------+-----
Fighting       | 1 2 |  2.2
Dodging        | 2 |  2.7
Shapeshifting  | 4 |  4.3
Unarmed Combat | 4 |  4.0

Action                     |  1- 3 |  4- 6 || total
---------------------------+-------+-------++-------
  Melee: Unarmed           |    54 |    56 ||   110
 Armour: Animal skin       |    29 |     8 ||    37
         Robe              |       |    46 ||    46
  Dodge: Dodged            |    22 |    28 ||    50

Table legend: (Time is in decaauts)
 A = Elapsed time spent in this place.
 B = Non-inter-level travel time spent in this place.
 C = Inter-level travel time spent in this place.
 D = Time resting spent in this place.
 E = Time spent auto-exploring this place.
 F = Levels seen in this place.
 G = Mean time per level.
                   A        B        C        D        E       F      G
               +--------+--------+--------+--------+--------+-----+--------+
         Total |   1630 |   1603 |     27 |      6 |   1235 |   3 |  543.3 |
       Dungeon |   1630 |   1603 |     27 |      6 |   1235 |   3 |  543.3 |
               +--------+--------+--------+--------+--------+-----+--------+

Top non-repeatable levels by time:
     D:2: 775 daAuts
     D:1: 437 daAuts
     D:3: 418 daAuts
